 Dungeon Crawl Stone Soup version 0.30-b1-2-g02819fbbbe (webtiles) character file.

Game seed: 15628496929199387877

106484 decrepitude the Spry (level 16, 0/219 HPs)
             Began as an Octopode Transmuter on May 20, 2023.
             Was an Initiate of Gozag.
             Engulfed by a cloud of thunder (1 damage)
             ... on level 3 of the Swamp.
             The game lasted 01:00:21 (32753 turns).

decrepitude the Spry (Octopode Transmuter)         Turns: 32753, Time: 01:00:22

Health: 0/219      AC: 15    Str: 22    XL:     16   Next: 44%
Magic:  0/22       EV: 22    Int: 37    God:    Gozag
Gold:   2394       SH:  0    Dex: 23    Spells: 13/23 levels left

rFire   . .          .
                       - Unarmed
rCold   + + .        (shield currently unavailable)
rNeg    . . .        d - melded +1 hat {Will+}
rPois   +            H - amulet of Beogh's Brutal Revenge {Spirit Dex+4}
rElec   +            V - ring "Diob" {Fire Int+3}
rCorr   +            n - +6 ring of dexterity
SInv    .            U - +6 ring of intelligence
Will    +....        F - ring of resist corrosion Stlth
                     J - +6 ring of intelligence
HPRegen 0.56/turn    m - +6 ring of strength
MPRegen 0.18/turn    z - +6 ring of intelligence
                     W - ring of Vyfrear {rElec AC+4 Slay+3}

%: clarity, guardian spirit
@: berserking, ice-form, gold aura, very quick
A: freezing attack, boosted hp, almost no armour, amphibious, 8 rings, large,
(camouflage 1), (gelatinous body 1), (nimble swimmer 1), (tentacles), clarity
a: End Transformation, Renounce Religion, Potion Petition, Call Merchant, Bribe
Branch


You were on level 3 of the Swamp.
You worshipped Gozag.
Gozag was most pleased with you.
You were a creature of crystalline ice.
You visited 5 branches of the dungeon, and saw 22 of its levels.
You also visited: Ice Cave.

You collected 10437 gold pieces.
You spent 344 gold pieces at shops.
You paid 7699 gold pieces to Gozag.

Inventory:

Missiles
 T - 3 curare-tipped darts
Armour
 d - a +1 hat of willpower (melded)
Jewellery
 m - a +6 ring of strength (on tentacle)
 n - a +6 ring of dexterity (right front paw)
 z - a +6 ring of intelligence (on tentacle)
 F - a ring of resist corrosion (on tentacle)
 H - the amulet of Beogh's Brutal Revenge (around neck) {Spirit Dex+4}
   (You found it on level 8 of the Dungeon)

   [amulet of guardian spirit]

   It causes incoming damage to be divided between your reserves of health and
   magic.
   Dex:       It affects your dexterity (+4).
 J - a +6 ring of intelligence (on tentacle)
 R - a ring of willpower
 U - a +6 ring of intelligence (on tentacle)
 V - the ring "Diob" (left front paw) {Fire Int+3}
   (You found it on level 4 of the Lair of Beasts)

   [ring of fire]

   It enhances your fire magic.
   Int:       It affects your intelligence (+3).
   rF:        It protects you from fire.
   rC:        It makes you vulnerable to cold.
 W - the ring of Vyfrear (on tentacle) {rElec AC+4 Slay+3}
   (You found it on level 1 of the Swamp)

   [ring of protection]

   AC:        It affects your AC (+4).
   Slay:      It affects your accuracy & damage with ranged weapons and melee
   (+3).
   rElec:     It insulates you from electricity.
Wands
 i - a wand of iceblast (16)
 D - a wand of flame (38)
Scrolls
 f - a scroll of poison
 g - a scroll of torment
 j - 2 scrolls of butterflies
 k - 10 scrolls of vulnerability
 o - 3 scrolls of magic mapping
 r - 3 scrolls of fog {unknown}
 t - 7 scrolls of enchant weapon
 v - 7 scrolls of immolation
 w - 3 scrolls of enchant armour
 A - 4 scrolls of amnesia
 E - 4 scrolls of blinking
 I - 3 scrolls of fear
 L - 7 scrolls of teleportation
 N - 2 scrolls of brand weapon {unknown}
 Q - 3 scrolls of silence {unknown}
Potions
 a - 4 potions of lignification
 b - a potion of magic {unknown}
 c - 4 potions of attraction
 e - 12 potions of heal wounds
 h - a potion of berserk rage
 l - 3 potions of resistance
 p - 10 potions of curing
 s - 5 potions of brilliance
 u - 3 potions of haste
 x - a potion of mutation
 B - a potion of might
 C - 2 potions of invisibility
 G - 3 potions of flight
 K - 2 potions of ambrosia
 S - a potion of cancellation {unknown}
Miscellaneous
 q - a phantom mirror (inert)
 M - a box of beasts (inert)


   Skills:
 + Level 15.3 Fighting
 + Level 15.3 Dodging
 + Level 15.3 Unarmed Combat
 - Level 4.0 Spellcasting
 - Level 4.0 Translocations
 - Level 8.0 Transmutations
 - Level 6.0 Ice Magic
 - Level 4.0 Air Magic
 - Level 6.0 Evocations


You had 13 spell levels left.
You knew the following spells:

 Your Spells              Type           Power      Damage    Failure   Level
a - Beastly Appendage     Tmut           100%       N/A       1%          1
i - Ice Form              Ice/Tmut       56%        N/A       2%          4
v - Vhi's Electric Charg  Tloc/Air       74%        N/A       2%          3
w - Wereblood             Tmut           61%        N/A       1%          2

Your spell library contained the following spells:

 Spells                   Type           Power      Damage    Failure   Level
 Apportation              Tloc           74%        N/A       1%          1
 Passwall                 Tmut/Erth      30%        N/A       1%          2
 Spider Form              Tmut/Pois      37%        N/A       2%          3
 Foxfire                  Conj/Fire      44%        2x1d6     4%          1
 Sandblast                Erth           14%        2d6       4%          1
 Summon Small Mammal      Summ           28%        N/A       4%          1
 Sublimation of Blood     Necr           7%         N/A       6%          2
 Passage of Golubria      Tloc           37%        N/A       8%          4
 Petrify                  Tmut/Erth      37%        N/A       8%          4
 Call Canine Familiar     Summ           7%         N/A       12%         3
 Stone Arrow              Conj/Erth      14%        3d7       12%         3
 Summon Guardian Golem    Hex/Summ       7%         N/A       12%         3
 Alistair's Intoxication  Tmut/Pois      24%        N/A       22%         5
 Irradiate                Conj/Tmut      18%        3d17      22%         5
 Anguish                  Hex/Necr       3%         N/A       36%         4
 Cause Fear               Hex            3%         N/A       36%         4
 Arcjolt                  Conj/Air       11%        1d21      43%         5
 Silence                  Hex/Air        11%        N/A       43%         5
 Fireball                 Conj/Fire      5%         3d5       73%         5
 Plasma Beam              Fire/Air       16%        2x1d30    95%         6
 Starburst                Conj/Fire      5%         6d4       99%         6
 Enfeeble                 Hex            3%         N/A       100%        7
 Borgnjor's Revivificati  Necr           3%         N/A       100%        8
 Lehudib's Crystal Spear  Conj/Erth      3%         10d3      100%        8
 Maxwell's Capacitive Co  Air            18%        ∞         100%        8
 Necromutation            Tmut/Necr      18%        N/A       100%        8
 Death's Door             Necr           3%         N/A       100%        9


Dungeon Overview and Level Annotations

Branches:
Dungeon (11/15) Zot: 26188  Temple (0/1) D:6            Lair (5/5) D:8 Zot: 18739
  Swamp (3/4) Lair:2 Zot: 14352   Snake (1/4) Lair:3 Zot: 4413   Slime (0/5) Lair:4
    Orc (2/2) D:10 Zot: 9322     Elf (0/3) Orc:2         IceCv (visited)

Altars:
Gozag
Okawaru
Ru
Vehumet
Wu Jian
Xom
Yredelemnul
Jiyva

Shops:
D:6 *   D:8 :   D:10 ?!=(   Orc:2 (==*!

Portals:
Pandemonium: Orc:2

Annotations:
Lair:4 exclusion: 3 oklob plants
Swamp:2 2 transporters, Matygoc's ghost, adept HaSk
Swamp:3 Roxanne


Innate Abilities, Weirdness & Mutations

You are a creature of crystalline ice.
You have a powerful freezing melee attack.
Your maximum health is increased.
Your armour is entirely melded.
You are incapable of wielding weapons or throwing items.
You cannot wear most types of armour.
You are amphibious.
You can wear up to eight rings at the same time.
((Your skin changes colour to match your surroundings (Stealth+).))
((Your rubbery body absorbs attacks. (AC +1, EV +1)))
((You are camouflaged when in or above water. (Stealth+)))
((You have tentacles for arms and can constrict up to eight enemies at once.))
You possess an exceptional clarity of mind.


Message History

You now have 13/219hp.
Unknown command.
Unknown command.
Unknown command.
You completely miss Bai Suzhen.
Bai Suzhen is severely wounded.
Bai Suzhen bites Bai Suzhen!
Bai Suzhen barely misses Bai Suzhen.
Bai Suzhen tramples Bai Suzhen but does no damage.
Bai Suzhen bites Bai Suzhen.
Bai Suzhen claws Bai Suzhen but does no damage.
Bai Suzhen tramples Bai Suzhen but does no damage.
The four-headed hydra completely misses you.
The four-headed hydra bites you but does no damage. x3
Unknown command.
You completely miss Bai Suzhen.
Bai Suzhen is almost dead.
Bai Suzhen bites Bai Suzhen!
Bai Suzhen claws Bai Suzhen but does no damage.
Bai Suzhen tramples Bai Suzhen but does no damage.
Unknown command.
Unknown command.
You hit Bai Suzhen but do no damage.
Bai Suzhen is almost dead.
Bai Suzhen bites you!
* * * LOW HITPOINT WARNING * * *
Bai Suzhen claws you but does no damage.
Bai Suzhen tramples you but does no damage.
The four-headed hydra misses you.
The four-headed hydra closely misses you.
The four-headed hydra bites you but does no damage.
The four-headed hydra barely misses you.
You take 12 damage, and have 1/219 hp.
You now have 1/22 mp.
Unknown command.
You pummel Bai Suzhen!! You freeze Bai Suzhen.
You kill Bai Suzhen!
The four-headed hydra disappears in a puff of smoke!
The eight-headed hydra disappears in a puff of smoke!
You are engulfed in a thunderstorm.
You resist.
You die...
Your body crumbles into a pile of gold.

~~~.~...~♣♣♣~.~.
..~....♣....~~~~.~~
..~~.....~~.~.~.~.~ .x~.
...........~...~.♣ .~§.
.........♣~~.~~.♣
$...######..'#.#.§§.§~..~
....#.÷...#.....§§D§§....
~...#.....#....#§$♣♣~.~.♣
~...#.....#....#Y§§....~.
.....###.##...♣~~~..~♣♣..
.~......#....♣♣♣.♣~♣♣♣
.~..#...###.## ♣♣♣♣♣
~...#...#...♣
~~..#...#...♣♣
~...##.##....♣♣
.~~.........~~♣♣♣
~.~........~~...♣♣


You could see the friendly Bai Suzhen (summoned, clouds, drained).

Vanquished Creatures
  Bai Suzhen (Swamp:3)
  A fenstrider witch (Swamp:3)
  4 eleionomae
  The ghost of Nyzic the Grappler, a journeyman TrMo (Lair:4)
  2 bunyips
  2 shambling mangroves
  Fannar (Lair:1)
  2 catoblepae
  13 hydras
  A demonspawn (Orc:1)
  3 boulder beetles (Lair:4)
  Erica (D:8)
  2 anacondas (Snake:1)
  7 alligators
  4 death yaks
  2 two-headed ogres
  5 naga warriors
  4 orc high priests
  Urug (Lair:5)
  2 naga sharpshooters (Snake:1)
  A shock serpent (Snake:1)
  3 skysharks
  3 goliath frogs
  Amaemon (Lair:1)
  A spriggan druid (Swamp:2)
  8 bog bodies
  2 swamp dragons
  5 orc knights
  Pikel (D:9)
  A necromancer (Swamp:2)
  A mana viper (Lair:3)
  A will-o-the-wisp (Swamp:3)
  An ugly thing (IceCv)
  8 orc sorcerers (Orc:2)
  A cyclops (Orc:1)
  A guardian serpent (Snake:1)
  3 salamanders (Snake:1)
  12 elephants
  10 black mambas
  4 naga magi (Snake:1)
  3 torpor snails
  7 cane toads
  An orange demon (Lair:1)
  Maggie (D:10)
  A bunyip simulacrum (Swamp:2)
  7 rime drakes
  7 komodo dragons
  2 ice devils (Lair:1)
  2 trolls
  6 polar bears
  7 tyrant leeches
  10 hornets
  18 blink frogs
  12 dream sheep
  An alligator zombie (Swamp:2)
  2 shadows (D:10)
  3 wraiths
  15 spriggans
  Grum (Lair:1)
  3 basilisks
  7 yaks
  6 wyverns
  2 humans (D:8)
  Eustachio (D:5)
  2 steam dragons
  3 vampire mosquitoes
  Menkaure (D:7)
  9 wargs
  A harpy simulacrum (IceCv)
  21 nagas
  3 death yak simulacra
  A neqoxec (Orc:2)
  9 swamp worms
  2 acid dragons (D:10)
  17 water moccasins
  2 hydra simulacra
  A swamp drake (Swamp:1)
  A black mamba simulacrum (Lair:4)
  27 orc warriors
  7 black bears
  27 wolves
  2 swamp dragon zombies (Swamp:2)
  12 ogres
  8 centaurs
  4 boggarts (Lair:5)
  3 phantoms
  3 lemures
  12 bullfrogs
  3 kobold brigands
  A skyshark simulacrum (Lair:4)
  2 scorpions
  A troll zombie (D:10)
  5 wights (D:8)
  6 killer bees
  A blink frog simulacrum (Lair:4)
  A howler monkey (D:9)
  A komodo dragon simulacrum (Lair:4)
  2 hounds (D:5)
  23 orc priests
  A jelly (D:7)
  2 gnoll boudas
  Crazy Yiuf (D:3)
  5 iguanas
  Terence (D:3)
  Natasha (thrice) (D:3)
  19 orc wizards
  2 wolf simulacra (IceCv)
  5 ogre zombies (D:10)
  Robin (D:2)
  11 gnolls
  6 adders
  A white imp (D:8)
  2 ufetubi (D:5)
  2 worms
  4 dart slugs
  61 orcs
  6 ball pythons
  6 endoplasms
  A giant cockroach (D:4)
  12 hobgoblins
  8 jackals
  A quokka (D:2)
  3 bats
  7 frilled lizards
  11 goblins
  2 goblin skeletons (D:10)
  A hobgoblin skeleton (D:10)
  6 hobgoblin zombies (D:10)
  9 kobolds
  2 orc skeletons (D:10)
  8 orc zombies (D:10)
  A rat (D:3)
687 creatures vanquished.

Vanquished Creatures (others)
  2 foxfires (Swamp:3)
  28 fungi
  25 plants
55 creatures vanquished.

Grand Total: 742 creatures vanquished

Notes
Turn   | Place    | Note
-------+----------+-------------------------------------------
     0 | D:1      | decrepitude the Octopode Transmuter began the quest for the
                  | Orb.
     0 | D:1      | Reached XP level 1. HP: 13/13 MP: 3/3
   306 | D:1      | Reached skill level 1 in Ice Magic
   306 | D:1      | Reached XP level 2. HP: 18/18 MP: 3/5
   309 | D:1      | Learned a level 2 spell: Wereblood
   568 | D:1      | Identified 3 scrolls of acquirement
   568 | D:1      | Acquired 959 gold pieces
   573 | D:1      | Acquired 974 gold pieces
   575 | D:1      | Acquired a +1 hat of willpower
   831 | D:2      | Reached XP level 3. HP: 17/23 MP: 3/6
   843 | D:2      | Noticed Robin
   935 | D:2      | Killed Robin
   988 | D:2      | Reached XP level 4. HP: 28/28 MP: 3/7
  1086 | D:2      | Learned a level 4 spell: Ice Form
  1596 | D:2      | Found a faded altar of an unknown god.
  1766 | D:2      | Prayed at the altar of an unknown god.
  1766 | D:2      | Became a worshipper of Gozag Ym Sagoz the Greedy
  2133 | D:3      | Noticed Natasha
  2142 | D:3      | Killed Natasha
  2143 | D:3      | Reached XP level 5. HP: 31/33 MP: 6/8
  2202 | D:3      | Found a runed translucent door.
  2203 | D:3      | Noticed Crazy Yiuf
  2311 | D:3      | Noticed Terence
  2318 | D:3      | Killed Terence
  2728 | D:3      | Noticed Natasha
  2826 | D:4      | Reached XP level 6. HP: 38/38 MP: 9/9
  2829 | D:4      | Noticed a black bear
  3007 | D:4      | Killed a black bear
  3376 | D:4      | Reached skill level 5 in Transmutations
  3384 | D:4      | Reached XP level 7. HP: 31/43 MP: 10/10
  3522 | D:5      | Entered Level 5 of the Dungeon
  3538 | D:4      | Reached skill level 5 in Ice Magic
  3931 | D:5      | Reached XP level 8. HP: 46/48 MP: 8/11
  5504 | D:6      | Found Huxzeoll's Mayhem Merchandise.
  5602 | D:6      | Noticed Eustachio
  5615 | D:5      | Killed Eustachio
  5707 | D:5      | Reached XP level 9. HP: 54/54 MP: 7/14
  5838 | D:6      | Found an ornate altar of the Wu Jian Council.
  6003 | D:6      | Found a staircase to the Ecumenical Temple.
  6117 | D:6      | Found a sacrificial altar of Ru.
  6168 | D:6      | Reached skill level 5 in Unarmed Combat
  6272 | D:6      | Found a shimmering altar of Xom.
  6614 | D:7      | Noticed Menkaure
  6765 | D:7      | Killed Menkaure
  7393 | D:7      | Learned a level 3 spell: Vhi's Electric Charge
  7526 | D:8      | Reached XP level 10. HP: 64/65 MP: 16/16
  7527 | D:8      | Reached skill level 5 in Fighting
  7608 | D:8      | Identified the amulet of Beogh's Brutal Revenge {Spirit
                  | Dex+4}
  7622 | D:8      | Found an iron altar of Okawaru.
  8181 | D:8      | Noticed Erica
  9367 | D:9      | Reached skill level 10 in Unarmed Combat
  9516 | D:9      | Noticed a two-headed ogre
  9524 | D:9      | Killed a two-headed ogre
  9583 | D:9      | Noticed Pikel
  9829 | D:8      | Killed Erica
  9830 | D:8      | Reached XP level 11. HP: 75/75 MP: 12/17
  9937 | D:8      | Found a staircase to the Lair.
 10098 | D:9      | Killed Pikel
 10663 | D:10     | Entered Level 10 of the Dungeon
 10723 | D:10     | Noticed Maggie
 11017 | D:3      | Killed Natasha
 11060 | D:3      | Killed Crazy Yiuf
 11150 | D:3      | Noticed Natasha
 11154 | D:3      | Killed Natasha
 11347 | Lair:1   | Entered Level 1 of the Lair of Beasts
 11618 | Lair:1   | Noticed Grum
 11784 | Lair:1   | Found a frozen archway.
 11817 | IceCv    | Entered an ice cave
 11817 | IceCv    | Noticed a white ugly thing
 11830 | IceCv    | Killed a white ugly thing
 11895 | IceCv    | Found a transporter.
 11899 | IceCv    | Noticed a white ugly thing
 11910 | IceCv    | Found a transporter.
 11927 | IceCv    | Gained mutation: You possess an exceptional clarity of
                  | mind. [potion of mutation]
 12043 | Lair:1   | Noticed Amaemon
 12074 | Lair:1   | Killed Grum
 12235 | Lair:1   | Noticed Fannar
 12255 | Lair:1   | Killed Fannar
 12381 | Lair:1   | Killed Amaemon
 12382 | Lair:1   | Reached skill level 10 in Fighting
 12806 | Lair:1   | Reached XP level 12. HP: 82/89 MP: 7/18
 13533 | Lair:2   | Reached skill level 1 in Translocations
 13533 | Lair:2   | Reached skill level 1 in Air Magic
 13696 | Lair:2   | Noticed a skyshark
 13703 | Lair:2   | Killed a skyshark
 13894 | Lair:2   | Found a staircase to the Swamp.
 14401 | Lair:2   | Noticed a seven-headed hydra
 14401 | Lair:2   | Noticed a four-headed hydra
 14409 | Lair:2   | Killed a four-headed hydra
 14513 | Lair:2   | Killed a seven-headed hydra
 15140 | Lair:3   | Found a staircase to the Snake Pit.
 15768 | Lair:3   | Reached skill level 5 in Dodging
 16732 | Lair:4   | Noticed a five-headed hydra
 16737 | Lair:4   | Killed a five-headed hydra
 16738 | Lair:4   | Reached XP level 13. HP: 83/97 MP: 5/19
 17332 | Lair:4   | Found a viscous altar of Jiyva.
 17332 | Lair:4   | Found a staircase to the Slime Pits.
 17574 | Lair:4   | Found a runed translucent gate.
 17574 | Lair:4   | Found a runed translucent gate.
 17574 | Lair:4   | Found a runed translucent gate.
 17650 | Lair:4   | Noticed Nyzic's ghost (journeyman TrMo)
 17704 | Lair:4   | Identified the +0 robe of the Sneaky Invaders {Rampage Fly
                  | rCorr Stlth-}
 18070 | Lair:4   | Reached skill level 10 in Dodging
 18804 | Lair:5   | Entered Level 5 of the Lair of Beasts
 19622 | Lair:5   | Reached XP level 14. HP: 103/103 MP: 14/20
 20970 | Lair:5   | Noticed Urug
 20981 | Lair:5   | Killed Urug
 21427 | D:10     | Killed Maggie
 21590 | D:10     | Found a radiant altar of Vehumet.
 21732 | D:10     | Found a staircase to the Orcish Mines.
 22866 | D:10     | Bought a scroll of blinking for 97 gold pieces
 22866 | D:10     | Bought a scroll of teleportation for 39 gold pieces
 22887 | Orc:1    | Entered Level 1 of the Orcish Mines
 23577 | Orc:2    | Entered Level 2 of the Orcish Mines
 23801 | Orc:2    | Found Rohorgh's Jewellery Shoppe.
 23888 | Orc:2    | Found a staircase to the Elven Halls.
 24559 | Orc:2    | Found Ybefren's Distillery.
 24686 | Orc:2    | Found Cusuma's General Store.
 24729 | Orc:2    | Reached skill level 1 in Evocations
 24825 | Orc:2    | Bought a potion of might for 68 gold pieces
 24827 | Orc:2    | Bought a potion of heal wounds for 70 gold pieces
 24827 | Orc:2    | Bought a potion of heal wounds for 70 gold pieces
 25102 | Orc:2    | Reached XP level 15. HP: 111/111 MP: 9/21
 25552 | Orc:2    | Found Ruarphon's Jewellery Shop.
 25552 | Orc:2    | Found Mameetwa's Antique Weapon Boutique.
 25553 | Orc:2    | Found a one-way gate leading to the halls of Pandemonium.
 25846 | Snake:1  | Entered Level 1 of the Snake Pit
 26067 | Snake:1  | Reached skill level 5 in Evocations
 27879 | Lair:4   | Killed Nyzic's ghost
 28006 | Lair:4   | Got the ring "Diob" {Fire Int+3}
 28054 | Swamp:1  | Entered Level 1 of the Swamp
 28201 | Swamp:1  | Found a basalt altar of Yredelemnul.
 28210 | Swamp:1  | Identified the +9 shortbow of Analysis {flame, rElec rC+
                  | SInv}
 29669 | Swamp:1  | Reached XP level 16. HP: 120/120 MP: 19/22
 29738 | Swamp:1  | Identified the ring of Vyfrear {rElec AC+4 Slay+3}
 30728 | Swamp:2  | Reached skill level 15 in Dodging
 30731 | Swamp:2  | Reached skill level 15 in Fighting
 30731 | Swamp:2  | Reached skill level 15 in Unarmed Combat
 31028 | Swamp:2  | Noticed a thorn hunter
 31042 | Swamp:2  | Noticed Matygoc's ghost (adept HaSk)
 31380 | Swamp:2  | Found a transporter.
 31388 | Swamp:2  | Found a transporter.
 31493 | Swamp:3  | Identified Roxanne's Grimoire of the Figure
 31493 | Swamp:3  | Noticed Roxanne
 31493 | Swamp:3  | Noticed Bai Suzhen
 31566 | Swamp:3  | Noticed a fenstrider witch
 31573 | Swamp:3  | Killed a fenstrider witch
 32752 | Swamp:3  | HP: 1/219 [Bai Suzhen (13)]
 32753 | Swamp:3  | Killed Bai Suzhen
 32753 | Swamp:3  | Engulfed by a cloud of thunder

Illustrated notes

Levels and vault maps discovered:
D:1:      dpeg_arrival_orchard, layout_rooms, minmay_misc_feat_x,
          nicolae_figureground_pulse
D:2:      layout_loops_cross, basic_ecumenical_altar, cheibrodos_gnoll_hut,
          uniq_robin
D:3:      layout_basic, hangedman_decor_peaks_small, uniq_natasha, uniq_terence,
          uniq_crazy_yiuf_cottage
D:4:      layout_cave_pods, minivault_26
D:5:      cheibrodos_helix_gallery, layout_basic
D:6:      layout_rooms, nicolae_ru_awakened_eye, mainiacjoe_overflow_big_doors,
          minmay_temple_entry_ruins, minmay_shop_mayhem, uniq_eustachio
D:7:      layout_loops_ring, uniq_menkaure
D:8:      layout_rooms, okawaru_humans, erik_lair_dragon, minmay_bent,
          uniq_erica
D:9:      minmay_skewed_foursquare, layout_basic, uniq_pikel
D:10:     layout_gridville, nicolae_vehumet_radiance, zombieorc1_lemuel,
          uniq_maggie
D:11:     layout_basic, chequers_serial_rivers_small_3
Lair:1:   layout_regular_city, portal_ice_cave_demonic_guard,
          patterned_corridor, grunt_megastairs_2, uniq_grum, uniq_fannar,
          uniq_amaemon
Lair:2:   layout_roguey, skrybe_swamp_entry_bodies, minmay_shattered_shrine
Lair:3:   layout_cave_pods, guppyfry_snake_entry_garden, serial_bayou_shore_b
Lair:4:   nzn_winding_woodlands_three_and_one [nzn_winding_woodlands_5x15_cabin,
          nzn_winding_woodlands_5x15_pool,
          nzn_winding_woodlands_5x15_concentric,
          nzn_winding_woodlands_center_pierced_h], layout_big_grid,
          minmay_slime_entry_oklob_enclosed, gammafunk_ghost_icy,
          grunt_forest_small_clearing_treed
Lair:5:   minmay_lair_end_enchanted_forest, layout_layer_cave, uniq_urug
Swamp:1:  layout_basic_swamp, serial_swamp_ruin, evilmike_swamp_ruin_house_6,
          evilmike_swamp_ruin_house_3, grunt_ruined_hall,
          infiniplex_staircase_pool
Swamp:2:  layout_basic_swamp, gammafunk_ghost_arena,
          evilmike_swamp_ruin_house_1, swamp_pool2,
          nicolae_swamp_necromancer_hut
Swamp:3:  cheibrodos_swamp_monstrosity, layout_falls_marsh,
          evilmike_swamp_ruin_house_5, uniq_aizul, uniq_roxanne, uniq_bai_suzhen
Snake:1:  layout_honeycomb
Orc:1:    layout_caves, mines5_lemuel
Orc:2:    pf_orc_diabolical, layout_caves, serial_shops, shop, nooodl_orcs_dogs

Skill      XL: |  1  2  3  4  5  6  7  8  9 10 11 12 13 14 15 16 |
---------------+-------------------------------------------------+-----
Ice Magic      | 1 2 3 4 6 |  6.0
Transmutations | 3 4 5 6 8 |  8.0
Fighting       | 2 4 7 10 12 13 14 15 | 15.3
Unarmed Combat | 4 7 11 12 13 14 15 | 15.3
Spellcasting   | 3 4 |  4.0
Translocations | 4 |  4.0
Air Magic      | 4 |  4.0
Dodging        | 7 12 13 14 15 | 15.3
Evocations     | 3 6 |  6.0

Action                     |  1- 3 |  4- 6 |  7- 9 | 10-12 | 13-15 | 16-18 || total
---------------------------+-------+-------+-------+-------+-------+-------++-------
  Melee: Unarmed           |    55 |    99 |   218 |   375 |   940 |   150 ||  1837
         Constrict         |    26 |    12 |     7 |       |     2 |       ||    47
         Kick              |    21 |    11 |     5 |       |       |       ||    37
         Tentacles         |     9 |     7 |     5 |       |     3 |       ||    24
         Punch             |     1 |     3 |       |       |     2 |     1 ||     7
  Throw: Dart              |       |       |     4 |     4 |       |       ||     8
   Cast: Beastly Appendage |    17 |    16 |     7 |       |       |       ||    40
         Wereblood         |     6 |    13 |    30 |    63 |    73 |     8 ||   193
         Ice Form          |       |     9 |    33 |    73 |   102 |    22 ||   239
         Vhi's Electric Ch |       |       |       |    25 |    44 |    16 ||    85
 Invoke: Potion Petition   |       |       |     1 |     3 |     2 |       ||     6
         Call Merchant     |       |       |       |       |     4 |     1 ||     5
  Evoke: Wand              |       |       |     2 |     5 |       |     3 ||    10
         Box of beasts     |       |       |       |     1 |     1 |     1 ||     3
         Phantom mirror    |       |       |       |       |       |     1 ||     1
    Use: Scroll            |     4 |     4 |     5 |     3 |     6 |     4 ||    26
         Potion            |       |       |     4 |     6 |     1 |     1 ||    12
   Stab: Sleeping          |     5 |     6 |     1 |       |     2 |       ||    14
         Distracted        |       |       |     1 |       |     6 |       ||     7
         Invisible         |       |       |       |     2 |       |       ||     2
 Armour: Skin              |     4 |    26 |    70 |   107 |   167 |    36 ||   410
  Dodge: Dodged            |    39 |    45 |   102 |   168 |   617 |   117 ||  1088
